 Dungeon Crawl Stone Soup version 0.29-a0-925-g0a7a3d12f8 (webtiles) character file.

Game seed: 12589606409169098723

201 manyhoops the Ruffian (level 5, -12/42 HPs)
             Began as a Demigod Transmuter on July 28, 2022.
             Mangled by a wyvern (13 damage)
             ... on level 4 of the Dungeon.
             The game lasted 00:04:09 (4174 turns).

manyhoops the Ruffian (Demigod Transmuter)          Turns: 4174, Time: 00:04:09

Health: -12/42     AC:  6    Str: 13 (15) XL:     5   Next: 25%
Magic:  9/10       EV: 10    Int: 18 (21) God:
Gold:   224        SH:  0    Dex: 12 (14) Spells: 4/7 levels left

rFire   . . .      SeeInvis +     - Unarmed
rCold   . . .      Faith    .   (no shield)
rNeg    . . .      Spirit   .   q - +0 ring mail
rPois   .          Reflect  .   n - +0 helmet
rElec   .          Harm     .   (no cloak)
rCorr   .          Rampage  .   (no gloves)
Will    .....                   (no boots)
Stlth   +.........              (no amulet)
HPRegen 0.14/turn               s - +6 ring of intelligence
MPRegen 0.12/turn               u - ring of see invisible

@: very slightly contaminated
A: high MP 1, forlorn, divine attributes
a: no special abilities


You were on level 4 of the Dungeon.
You visited 1 branch of the dungeon, and saw 4 of its levels.

You collected 224 gold pieces.

Inventory:

Missiles
 c - 2 throwing nets
Armour
 a - a +0 robe
 e - a +0 leather armour
 n - a +0 helmet (worn)
 q - a +0 ring mail (worn)
Magical Staves
 g - a staff of fire
Jewellery
 h - an amulet of magic regeneration
 s - a +6 ring of intelligence (left hand)
 u - a ring of see invisible (right hand)
 A - an amulet of reflection
Scrolls
 b - a scroll of fear
 k - a scroll of blinking
 l - 3 scrolls of silence
 m - a scroll of butterflies {unknown}
 v - a scroll of amnesia
 x - a scroll of teleportation
 y - 2 scrolls of summoning {unknown}
 z - a scroll of torment {unknown}
 B - a scroll of identify
Potions
 d - a potion of degeneration
 f - a potion of heal wounds {unknown}
 i - a potion of haste {unknown}
 j - a potion of magic {unknown}
 o - a potion of curing
 p - a potion of invisibility {unknown}
 r - a potion of might {unknown}
 t - 3 potions of attraction {unknown}
 w - a potion of flight {unknown}


   Skills:
 - Level 2.4 Fighting
 - Level 1.7 Dodging
 - Level 5.0 Unarmed Combat
 - Level 1.7 Spellcasting
 + Level 2.0 Transmutations


You had 4 spell levels left.
You knew the following spells:

 Your Spells              Type           Power      Damage    Failure   Level
a - Beastly Appendage     Tmut           16%        N/A       19%         1
b - Wereblood             Tmut           8%         N/A       26%         2

Your spell library contained the following spells:

 Spells                   Type           Power      Damage    Failure   Level
 Spider Form              Tmut/Pois      5%         N/A       63%         3
 Inner Flame              Hex/Fire       1%         N/A       77%         3
 Ice Form                 Ice/Tmut       5%         N/A       95%         4
 Petrify                  Tmut/Erth      5%         N/A       95%         4
 Cause Fear               Hex            0%         N/A       99%         4
 Metabolic Englaciation   Hex/Ice        0%         N/A       100%        5
 Statue Form              Tmut/Erth      3%         N/A       100%        6
 Discord                  Hex            0%         N/A       100%        8


Dungeon Overview and Level Annotations

Branches:
Dungeon (4/15)
 Temple: D:4-7


Innate Abilities, Weirdness & Mutations

You have an increased reservoir of magic. (+10% MP)
You shall have no god before yourself.
Your divine heritage dramatically boosts your attributes as you level up.


Message History

No target in view!
No target in view!
No target in view!
No target in view!
No target in view!
You open the door.
There is an open door here.
You open the door.
There is an open door here.
You see here 2 stones.
Found an ancient bone altar of Kikubaaqudgha.
A wyvern comes into view.
The wyvern moves out of view.
The wyvern hisses angrily.
A wyvern is nearby!
A wyvern is nearby!
A wyvern is nearby!
Casting: Beastly Appendage (safe; 13% risk of failure)
Confirm with . or Enter, or press ? or * to list all spells.
You miscast Beastly Appendage.
You are very lightly contaminated with residual magic.
Nothing appears to happen.
It was a potion of degeneration.
There was something very wrong with that liquid.
You feel weakened.
You feel dopey.
You feel clumsy.
It was a potion of curing.
You feel better. The wyvern bites you.
You barely miss the wyvern. The wyvern bites you!
You hit the wyvern but do no damage.
The wyvern bites you but does no damage.
The wyvern closely misses you.
You hit the wyvern but do no damage. The wyvern bites you.
You hit the wyvern.
The wyvern is lightly wounded.
The wyvern bites you!
You hit the wyvern.
The wyvern is moderately wounded.
The wyvern bites you!
* * * LOW HITPOINT WARNING * * *
The wyvern bites you!
You die...

.....≈...≈......
....§≈.≈≈......
♣.#
...§§≈.≈≈......
..
...≈§.≈≈...... .
###
#§§§_≈≈..$...
♣♣♣..#
#.≈§≈§≈......
.♣...
######..≈≈≈l..#
..♣
..........@...#
♣.♣♣
######.###.#.#
...♣ #..# ... .♣
##.####..# ♣♣
#..####.# .♣
##......#
....<......#
#..###.##
♣..........#
#..# ..+
........... #..#
..#


You could see a wyvern.

Vanquished Creatures
  An orc priest (D:3)
  7 adders
  3 worms
  A dart slug (D:2)
  11 orcs (D:3)
  3 ball pythons (D:1)
  4 bats
  7 endoplasms
  A giant cockroach (D:3)
  12 goblins
  2 hobgoblins
  12 jackals
  A frilled lizard (D:3)
  13 kobolds
  3 rats (D:2)
81 creatures vanquished.

Notes
Turn   | Place    | Note
-------+----------+-------------------------------------------
     0 | D:1      | manyhoops the Demigod Transmuter began the quest for the
                  | Orb.
     0 | D:1      | Reached XP level 1. HP: 15/15 MP: 5/5
   119 | D:1      | Reached skill level 1 in Fighting
   190 | D:1      | Reached skill level 3 in Unarmed Combat
   373 | D:1      | Reached XP level 2. HP: 23/23 MP: 7/7
  1033 | D:2      | Reached XP level 3. HP: 10/28 MP: 8/8
  2026 | D:2      | Reached skill level 4 in Unarmed Combat
  2194 | D:3      | Reached XP level 4. HP: 11/36 MP: 9/9
  3559 | D:3      | Reached XP level 5. HP: 42/42 MP: 10/10
  3800 | D:4      | Learned a level 2 spell: Wereblood
  3822 | D:4      | Reached skill level 5 in Unarmed Combat
  4164 | D:4      | Noticed a wyvern
  4174 | D:4      | HP: 1/42 [wyvern (12)]
  4174 | D:4      | Mangled by a wyvern

Illustrated notes

Levels and vault maps discovered:
D:1:      evilmike_arrival_rings, layout_rooms, chequers_ecumenical_altar_twisty
D:2:      layout_basic
D:3:      layout_loops_ring, okawaru_metal_pillars_1_2, wad_orctagon
D:4:      layout_basic, mainiacjoe_overflow_catwalk, hangedman_decor_lopped,
          kennysheep_doodads, chequers_serial_rivers_small_a,
          minmay_crystal_water, kennysheep_generic_room_9

Skill      XL: |  1  2  3  4  5 |
---------------+----------------+-----
Fighting       | 1 2 |  2.4
Unarmed Combat | 3 4 5 |  5.0
Transmutations | 2 |  2.0
Dodging        | |  1.7
Spellcasting   | |  1.7

Action                   |  1- 3 |  4- 6 || total
-------------------------+-------+-------++-------
Melee: Unarmed           |   120 |   145 ||   265
       Kick              |    17 |    15 ||    32
       Headbutt          |    10 |     5 ||    15
       Punch             |     3 |     3 ||     6
 Cast: Beastly Appendage |    15 |    12 ||    27
       Wereblood         |       |     1 ||     1
  Use: Scroll            |     1 |     4 ||     5
       Potion            |     1 |     2 ||     3
Armor: Leather armour    |    31 |       ||    31
       Robe              |     1 |       ||     1
       Skin              |     3 |       ||     3
       Ring mail         |     1 |    40 ||    41
Dodge: Dodged            |    59 |    65 ||   124

Table legend: (Time is in decaauts)
 A = Elapsed time spent in this place.
 B = Non-inter-level travel time spent in this place.
 C = Inter-level travel time spent in this place.
 D = Time resting spent in this place.
 E = Time spent auto-exploring this place.
 F = Levels seen in this place.
 G = Mean time per level.
                   A        B        C        D        E       F      G
               +--------+--------+--------+--------+--------+-----+--------+
         Total |   4152 |   3997 |    155 |    600 |   2816 |   4 | 1038.0 |
       Dungeon |   4152 |   3997 |    155 |    600 |   2816 |   4 | 1038.0 |
               +--------+--------+--------+--------+--------+-----+--------+

Top non-repeatable levels by time:
     D:3: 1640 daAuts
     D:2: 1252 daAuts
     D:1: 812 daAuts
     D:4: 447 daAuts
